 Dungeon Crawl Stone Soup version 0.24-a0-443-g80245de (webtiles) character file.

Game seed: 8715764864438012485

350 Despondentz the Poker (level 6, -4/58 HPs)
             Began as a Draconian Berserker on June 21, 2019.
             Was a Priest of Trog.
             Slain by an orc warrior
             ... wielding a cursed -3 halberd
              (8 damage)
             ... on level 4 of the Dungeon.
             The game lasted 00:26:02 (2575 turns).

Despondentz the Poker (Draconian Berserker)         Turns: 2575, Time: 00:26:03

Health: -4/58      AC:  6    Str: 21    XL:     6   Next: 34%
Magic:  6/6        EV: 13    Int:  7    God:    Trog [***...]
Gold:   105        SH:  0    Dex:  9    Spells: 5/5 levels left

rFire    . . .     SeeInvis .   a - +1 spear
rCold    . . .     Gourm    .   (no shield)
rNeg     + . .     Faith    .   (armour unavailable)
rPois    .         Spirit   .   (helmet restricted)
rElec    .         Reflect  .   g - scarf {cloud immunity}
rCorr    .         Harm     .   (no gloves)
MR       .....                  (no boots)
Stlth    +.........             (no amulet)
HPRegen  0.19/turn              (no ring)
MPRegen  0.10/turn              f - ring of positive energy

@: no status effects
A: unfitting armour, clumsy 1, robust 1, cold-blooded, AC +6
a: Berserk, Trog's Hand, Renounce Religion


You were on level 4 of the Dungeon.
You worshipped Trog.
Trog was most pleased with you.
You were not hungry.

You visited 1 branch of the dungeon, and saw 4 of its levels.

You collected 105 gold pieces.

Inventory:

Hand Weapons
 a - a +1 spear (weapon)
Armour
 g - a scarf of cloud immunity (worn)
Jewellery
 e - a cursed amulet of inaccuracy {unknown}
 f - a ring of positive energy (right hand)
Wands
 i - a wand of iceblast (4)
Scrolls
 h - a scroll of teleportation
 k - a scroll of blinking {unknown}
Potions
 c - 2 potions of curing
 d - a potion of agility
 j - a potion of degeneration {unknown}
Comestibles
 b - 5 rations


   Skills:
 + Level 4.6 Fighting
 + Level 4.9 Polearms
 + Level 4.3 Dodging
 + Level 1.4 Stealth
 + Level 0.1 Evocations


You had 5 spell levels left.
You didn't know any spells.
Your spell library was empty.

Dungeon Overview and Level Annotations

Branches:
Dungeon (4/15)
 Temple: D:4-7

Altars:
Hepliaklqana
Vehumet


Innate Abilities, Weirdness & Mutations

Your plain brown scales are hard. (AC +6)
You cannot fit into any form of body armour.
You are cold-blooded and may be slowed by cold attacks.
You are clumsy. (Dex -2)
You are robust. (+10% HP)


Message History

You hear a shout!
The orc wizard gestures wildly while chanting.
The orc wizard flickers and vanishes!
Deactivating autopickup; reactivate with Ctrl-A.
The orc warrior closely misses you.
A puff of frost appears from out of thin air!
The puff of frost hits you!
* * * LOW HITPOINT WARNING * * *
Aiming: Iceblast
Press: ? - help, Shift-Dir - straight line, f/p - orc warrior
Aim: an orc warrior, wielding a -3 halberd and wearing a +0 chain mail (moderately wounded)
The mass of ice explodes!
The iceblast engulfs the orc warrior!
The orc warrior is severely wounded.
The iceblast engulfs something!
Trog accepts your kill.
Trog appreciates your killing of a magic user.
Reactivating autopickup.
You feel a bit more experienced.
The orc warrior hits you from afar with a cursed -3 halberd!
You die...

.....o##(####..####. #......
.#..###.....#..#.# . ......
...o....)#........# .###...##....
.#..###......###..##.............
##### #.......###.#....#..#.....#
#..###..........##..##.#...
#...#.....##..# #..........
#....>.)[.#...## #.........
#...##...o.@....###.........
##...#.................#....
###..................##....
#............#.....####..
####........###....# ##..
##........##.#.## #...
##..##...####.# ##.. #.......#
### #... ##.#...## #...


You could see an orc warrior.

Vanquished Creatures
  A crimson imp (D:4)
  2 hounds (D:4)
  2 orc priests (D:4)
  An orc wizard (D:4)
  Ijyb (D:4)
  3 adders
  3 oozes
  2 worms (D:3)
  A dart slug (D:3)
  4 leopard geckos
  13 orcs
  7 bats
  2 giant cockroaches
  10 goblins
  8 hobgoblins
  8 jackals
  6 kobolds
  A quokka (D:4)
  A ball python (D:4)
  6 frilled lizards
  5 rats
87 creatures vanquished.

Notes
Turn   | Place    | Note
-------+----------+-------------------------------------------
     0 | D:1      | Despondentz the Draconian Berserker began the quest for the
                  | Orb.
     0 | D:1      | Reached XP level 1. HP: 19/19 MP: 1/1
   135 | D:1      | Reached XP level 2. HP: 24/26 MP: 2/2
   475 | D:1      | Gained mutation: You are clumsy. (Dex -2) [potion of
                  | mutation]
   475 | D:1      | Gained mutation: You are robust. (+10% HP) [potion of
                  | mutation]
   512 | D:1      | Reached XP level 3. HP: 36/36 MP: 3/3
   664 | D:2      | Reached ** piety under Trog
   877 | D:2      | Reached XP level 4. HP: 13/44 MP: 4/4
  1461 | D:3      | Found a radiant altar of Vehumet.
  1537 | D:3      | Found a glowing drain.
  1885 | D:3      | Found a hazy altar of Hepliaklqana.
  2129 | D:4      | Reached *** piety under Trog
  2144 | D:4      | Reached XP level 5. HP: 16/50 MP: 5/5
  2169 | D:4      | Reached skill level 1 in Stealth
  2472 | D:4      | Noticed Ijyb
  2484 | D:4      | Killed Ijyb
  2484 | D:4      | Reached XP level 6. HP: 43/58 MP: 6/6
  2541 | D:4      | Noticed an orc warrior
  2575 | D:4      | Slain by an orc warrior

Levels and vault maps discovered:
D:1:      saegor_arrival_simple_a, layout_rooms, minmay_tree_intersection,
          minmay_misc_feat_room
D:2:      layout_rooms, first_ration, chequers_serial_rivers_micro_b
D:3:      layout_loops_ring, fiery_altar_vehumet, marbit_many_paths,
          cheibrodos_sewer_entry_sluice, minmay_misc_feat_tiny
D:4:      layout_cave_pools, okawaru_ov_weapons_minmay, guppyfry_early_orc_mine,
          uniq_sigmund, uniq_crazy_yiuf_cottage, uniq_ijyb

Skill      XL: |  1  2  3  4  5 |
---------------+----------------+-----
Dodging        | 3 4 |  4.3
Fighting       | 4 |  4.6
Polearms       | 4 |  4.9
Stealth        | 1 |  1.4
Evocations     | |  0.1

Action                   |  1- 3 |  4- 6 || total
-------------------------+-------+-------++-------
Melee: Spear             |   135 |   186 ||   321
       Tailslap          |    10 |    21 ||    31
Evoke: Wand              |       |     5 ||     5
  Use: Potion            |     5 |     3 ||     8
       Scroll            |     4 |     2 ||     6
 Stab: Sleeping          |       |     4 ||     4
  Eat: Ration            |       |     2 ||     2
Armor: Skin              |    64 |    64 ||   128
Dodge: Dodged            |   116 |   141 ||   257

Table legend:
 A = Non-vault XP
 B = Vault XP
 C = Vault XP percentage of total XP
 D = Non-vault monster count
 E = Vault monster count
 F = Vault count percentage of total count
                 A         B        C        D         E       F
            +---------+---------+-------+---------+---------+-------
      Total |     369 |     132 |  26.3 |      78 |       9 |  10.3
            +---------+---------+-------+---------+---------+-------
        D:1 |      41 |       0 |   0.0 |      21 |       0 |   0.0
        D:2 |      62 |       0 |   0.0 |      21 |       0 |   0.0
        D:3 |      51 |       9 |  15.0 |      21 |       4 |  16.0
        D:4 |     215 |     123 |  36.4 |      15 |       5 |  25.0
            +---------+---------+-------+---------+---------+-------
